 Dungeon Crawl Stone Soup version 0.30-a0-924-g0ad0bf95bc (webtiles) character file.

Game seed: 3019868656029654892

211 Dordric the Grasshopper (level 5, -2/39 HPs)
             Began as a Barachi Warper on Mar 23, 2023.
             Killed from afar by an orc wizard (12 damage)
             ... with a magic dart
             ... on level 3 of the Dungeon.
             The game lasted 00:03:18 (1868 turns).

Dordric the Grasshopper (Barachi Warper)            Turns: 1868, Time: 00:03:18

Health: -2/39      AC:  6    Str: 12    XL:     5   Next: 88%
Magic:  10/10      EV: 11    Int: 13    God:
Gold:   88         SH:  0    Dex: 14    Spells: 5/11 levels left

rFire   . . .      SeeInvis .    a - +0 falchion
rCold   . . .      Faith    .    (no shield)
rNeg    . . .      Spirit   .    f - +0 ring mail
rPois   .          Reflect  .    (no helmet)
rElec   .          Rampage  .    (no cloak)
rCorr   .                        j - +0 pair of gloves
Will    .....                    (no boots)
Stlth   +                        (no amulet)
HPRegen 0.26/turn                (no ring)
MPRegen 0.12/turn                (no ring)

@: slow
A: amphibious, slowness 1, strong legs 1, +LOS
a: Hop


You were on level 3 of the Dungeon.
You visited 1 branch of the dungeon, and saw 3 of its levels.

You collected 88 gold pieces.

Inventory:

Hand Weapons
 a - a +0 falchion (weapon)
Missiles
 d - 2 boomerangs of dispersal (quivered)
 h - a throwing net
Armour
 b - a +0 leather armour
 f - a +0 ring mail (worn)
 j - a +0 pair of gloves (worn)
Scrolls
 c - a scroll of blinking
 g - a scroll of poison
 i - 3 scrolls of identify
Potions
 e - a potion of cancellation {unknown}
 k - a potion of mutation {unknown}
 l - a potion of brilliance {unknown}
 m - a potion of curing {unknown}


   Skills:
 - Level 2.4 Fighting
 + Level 4.5 Long Blades
 - Level 1.0 Throwing
 - Level 1.2 Armour
 - Level 2.1 Dodging
 + Level 3.9 Spellcasting
 + Level 4.7 Translocations


You had 5 spell levels left.
You knew the following spells:

 Your Spells              Type           Power      Damage    Failure   Level
a - Blink                 Tloc           30%        N/A       10%         2
b - Manifold Assault      Tloc           15%        N/A       54%         4

Your spell library contained the following spells:

 Spells                   Type           Power      Damage    Failure   Level
 Lesser Beckoning         Tloc           30%        N/A       10%         2
 Teleport Other           Tloc           15%        N/A       21%         3
 Vhi's Electric Charge    Tloc/Air       16%        N/A       47%         3
 Animate Dead             Necr           2%         N/A       99%         4
 Borgnjor's Vile Clutch   Necr/Erth      1%         N/A       100%        5
 Death Channel            Necr           1%         N/A       100%        6


Dungeon Overview and Level Annotations

Branches:
Dungeon (3/15)

Altars:
The Shining One


Innate Abilities, Weirdness & Mutations

You are amphibious.
You cover ground slowly.
You can hop short distances.
You have an extended range of vision and can be seen from far away.


Message History

A phantom comes into view.
You hit the orc.
You kill the orc!
You hit the orc.
The orc is severely wounded.
The orc closely misses you.
Okay, then.
Cast which spell? (? or * to list)
Okay, then.
You hit the orc.
You kill the orc!
The orc wizard hits you with a +0 dagger.
The orc hits you with a +0 hand axe of freezing.
The orc freezes you.
You see here a +0 mace.
You closely miss the orc wizard.
The orc wizard hits you but does no damage.
The orc hits you with a +0 hand axe of freezing.
The orc freezes you.
You hit the orc wizard.
The orc wizard is lightly wounded.
The orc wizard hits you with a +0 dagger.
The orc hits you with a +0 hand axe of freezing.
The orc freezes you.
You closely miss the orc wizard.
The orc wizard is lightly wounded.
The orc wizard hits you with a +0 dagger.
The orc barely misses you.
You hit the orc wizard.
The orc wizard is moderately wounded.
The orc wizard gestures at you while chanting.
The puff of flame hits you.
The orc hits you with a +0 hand axe of freezing.
The orc freezes you.
* * * LOW HITPOINT WARNING * * *
The orc wizard attacks as you move away!
The orc wizard barely misses you. The orc wizard casts a spell at you.
The magic dart hits you!
You die...

..# ## ##.###### #
##...#####........ [ ##
.....Wooo#..#.##.# #.#.
#)#..#.##.#####.#.
#@#...............
###########.#..#.##...###.#.
#.............†.....#.##....
#.##.######.#............#..
#.##...........#.#######....
#.###.#######..#.##........#
#.###.# ### #..#.##.#####...
######.....#######..#.#...####...
.......##....'_+....#............


You could see an orc wizard and an orc.

Vanquished Creatures
  A jelly (D:1)
  A hound (D:3)
  Terence (D:2)
  6 adders
  3 dart slugs
  3 orcs
  3 endoplasms
  3 giant cockroaches (D:1)
  5 goblins
  8 hobgoblins
  4 jackals (D:1)
  3 quokkas
  5 ball pythons
  5 bats
  3 frilled lizards
  5 kobolds
  4 rats (D:1)
63 creatures vanquished.

Notes
Turn   | Place    | Note
-------+----------+-------------------------------------------
     0 | D:1      | Dordric the Barachi Warper began the quest for the Orb.
     0 | D:1      | Reached XP level 1. HP: 17/17 MP: 3/3
    66 | D:1      | Reached XP level 2. HP: 6/23 MP: 5/5
   315 | D:1      | Reached XP level 3. HP: 28/28 MP: 7/7
   677 | D:1      | Reached XP level 4. HP: 23/34 MP: 8/8
   905 | D:2      | Noticed Terence
   922 | D:2      | Killed Terence
  1085 | D:2      | Reached XP level 5. HP: 25/39 MP: 10/10
  1323 | D:2      | Learned a level 2 spell: Blink
  1328 | D:2      | Learned a level 4 spell: Manifold Assault
  1824 | D:3      | Found a glowing golden altar of the Shining One.
  1858 | D:3      | Noticed a phantom
  1868 | D:3      | Killed from afar by an orc wizard

Illustrated notes

Levels and vault maps discovered:
D:1:      dpeg_arrival_orchard, layout_rooms, serial_aquarium,
          aquarium_bridge_island_small [aquarium_subvault_small_open,
          aquarium_subvault_wall, aquarium_subvault_bridge,
          aquarium_subvault_bridge, aquarium_subvault_balcony],
          aquarium_window_corridor_3, aquarium_window_corner, aquarium_window_2,
          aquarium_window_fake, aquarium_view_2c, aquarium_view_2f,
          aquarium_pool_double
D:2:      layout_loops_ring, uniq_terence
D:3:      layout_loops_ring, led_sif_book, lemuel_doored_altar,
          grunt_ministairs_6

Skill      XL: |  1  2  3  4 |
---------------+-------------+-----
Long Blades    | 3 4 |  4.5
Spellcasting   | 3 |  3.9
Translocations | 4 |  4.7
Fighting       | |  2.4
Throwing       | |  1.0
Armour         | |  1.2
Dodging        | |  2.1

Action                     |  1- 3 |  4- 6 || total
---------------------------+-------+-------++-------
  Melee: Falchion          |    93 |   132 ||   225
         Punch             |       |     1 ||     1
  Throw: Boomerang         |       |     5 ||     5
Ability: Hop               |       |     1 ||     1
    Use: Scroll            |     4 |       ||     4
 Armour: Ring mail         |    48 |    62 ||   110
         Leather armour    |     1 |       ||     1
  Dodge: Dodged            |    65 |    96 ||   161

Table legend: (Time is in decaauts)
 A = Elapsed time spent in this place.
 B = Non-inter-level travel time spent in this place.
 C = Inter-level travel time spent in this place.
 D = Time resting spent in this place.
 E = Time spent auto-exploring this place.
 F = Levels seen in this place.
 G = Mean time per level.
                   A        B        C        D        E       F      G
               +--------+--------+--------+--------+--------+-----+--------+
         Total |   2115 |   2068 |     47 |      0 |   1529 |   3 |  705.0 |
       Dungeon |   2115 |   2068 |     47 |      0 |   1529 |   3 |  705.0 |
               +--------+--------+--------+--------+--------+-----+--------+

Top non-repeatable levels by time:
     D:2: 939 daAuts
     D:1: 823 daAuts
     D:3: 353 daAuts
